Map: Acolyte LE

Players

MaNa - Winner!

  • Race: Protoss Protoss
  • Spawn Location: 7:00

Pono

  • Race: Zerg Zerg
  • Spawn Location: 1:00

Event: WCS Montreal 2017

VOD

Have the link to the VOD?

Description

Time

  • Played on: Sept. 8, 2017, 12:59 p.m.
  • Length: 5:50

All games in this series

Show
View Real Time Build Order
Export as new Build Order

MaNa Protoss - Winner!

Build Orders: Nexus First 

Get SALT Encoding   

  12  0:00  Probe (Chrono Boost)  
  13  0:11  Probe (Chrono Boost)  
  14  0:18  Pylon  
  14  0:22  Probe (Chrono Boost)  
  15  0:37  Probe (Chrono Boost)  
  16  0:47  Probe (Chrono Boost)  
  17  1:00  Nexus  
  17  1:10  Gateway  
  17  1:13  Probe (Chrono Boost)  
  18  1:19  Assimilator  
  18  1:23  Probe (Chrono Boost)  
  19  1:27  Assimilator  
  19  1:34  Probe (Chrono Boost)  
  20  1:44  Probe (Chrono Boost)  
  21  1:49  Gateway  
  21  1:55  Probe (Chrono Boost)  
  21  1:57  Cybernetics Core  
  22  2:06  Probe (Chrono Boost)  
  23  2:12  Probe (Chrono Boost)  
  24  2:16  Probe (Chrono Boost)  
  24  2:22  Pylon  
  26  2:23  Probe (Chrono Boost)  
  26  2:27  Probe (Chrono Boost)  
  27  2:33  Probe (Chrono Boost), Warp Gate  
  27  2:34  Stalker  
  30  2:37  Probe (Chrono Boost)  
  30  2:42  Adept  
  34  2:44  Probe (Chrono Boost)  
  34  2:48  Probe (Chrono Boost)  
  35  2:56  Probe (Chrono Boost)  
  37  2:58  Probe (Chrono Boost)  
  37  2:59  Twilight Council  
  37  3:07  Probe (Chrono Boost)  
  37  3:09  Probe (Chrono Boost)  
  39  3:13  Robotics Facility  
  39  3:18  Probe (Chrono Boost)  
  39  3:19  Probe (Chrono Boost)  
  41  3:22  Pylon  
  41  3:28  Probe (Chrono Boost)  
  41  3:30  Probe (Chrono Boost)  
  43  3:36  Resonating Glaives (Chrono Boost)  
  43  3:37  Probe  
  43  3:41  Probe  
  49  3:44  Pylon  
  49  3:48  Probe  
  49  3:53  Probe, Gateway  
  51  3:56  Gateway  
  51  3:59  Assimilator x2  
  51  4:02  Warp Prism  
  49  4:07  Dark Shrine  
  49  4:10  Adept (Chrono Boost)  
  49  4:14  Adept (Chrono Boost)  
  49  4:16  Probe  
  55  4:26  Mothership Core  
  50  4:45  Adept  
  50  4:46  Adept  
  50  4:47  Probe x2  
  56  4:58  Pylon  
  56  5:05  Adept x3  
  62  5:16  Probe x2 (Chrono Boost)  
  62  5:19  Pylon  
  64  5:24  Dark Templar x3  
  70  5:37  Probe x2 (Chrono Boost)  
  70  5:42  Dark Templar  
Show
View Real Time Build Order
Export as new Build Order

Pono Zerg 

Build Orders: Hatch First 

Get SALT Encoding   

  12  0:00  Drone  
  13  0:12  Overlord  
  13  0:17  Drone  
  14  0:30  Drone x2  
  14  0:34  Drone  
  17  0:55  Hatchery  
  16  1:00  Drone  
  16  1:01  Drone  
  18  1:15  Spawning Pool  
  18  1:17  Drone  
  18  1:20  Extractor  
  18  1:23  Drone  
  18  1:31  Drone  
  19  1:38  Overlord  
  19  1:52  Drone  
  20  2:01  Queen  
  20  2:06  Queen  
  20  2:07  Drone  
  20  2:08  Drone  
  26  2:24  Hatchery  
  25  2:30  Metabolic Boost  
  25  2:33  Drone  
  26  2:45  Drone x4  
  26  2:50  Overlord  
  30  2:53  Drone  
  31  2:59  Pneumatized Carapace  
  31  3:05  Evolution Chamber  
  30  3:08  Overlord  
  30  3:15  Zergling x2  
  30  3:16  Zergling x4  
  30  3:17  Zergling x2  
  30  3:19  Zergling x2  
  35  3:22  Zergling x2  
  35  3:24  Zergling x2  
  35  3:26  Zergling x2  
  38  3:31  Spore Crawler  
  37  3:34  Spore Crawler  
  36  3:42  Queen  
  38  3:50  Drone  
  38  3:51  Drone x2  
  38  3:53  Drone  
  42  4:00  Drone x3  
  45  4:05  Spore Crawler  
  45  4:09  Drone x2  
  46  4:20  Drone x2  
  46  4:21  Drone x3  
  51  4:25  Lair  
  49  4:45  Drone x3  
  47  4:46  Drone x6  
  53  4:55  Spine Crawler  
  53  4:57  Spore Crawler  
  53  4:59  Spore Crawler  
  50  5:01  Spore Crawler  
  50  5:02  Overlord  
  50  5:03  Drone x3  
  52  5:18  Extractor, Drone  
  52  5:19  Extractor, Drone x4  
  52  5:20  Overlord, Drone  
  56  5:25  Drone x3  
  56  5:26  Drone x4  
  63  5:30  Zergling x4  
  64  5:40  Spine Crawler x2  
  51  5:45  Spine Crawler  
Tags
 
Add a new tag
Caveats
  • Supply blocks, unpowered buildings, or Contaminate may cause inaccurate times.
  • Supply counts are checked every 10 seconds.